 Dungeon Crawl Stone Soup version 0.29.1-13-g9f3cf754e1 (webtiles) character file.

Game seed: 12383376865363317989

10805 Peloso the Carver (level 11, -7/100 HPs)
             Began as a Minotaur Fighter on Feb 11, 2023.
             Was a High Priest of Okawaru.
             Mangled by an eight-headed hydra (8 damage)
             ... on level 10 of the Dungeon.
             The game lasted 00:19:33 (11279 turns).

Peloso the Carver (Minotaur Fighter)               Turns: 11279, Time: 00:19:34

Health: -7/100     AC: 16    Str: 22    XL:     11   Next: 41%
Magic:  10/10      EV:  9    Int:  5    God:    Okawaru [*****.]
Gold:   1330       SH:  6    Dex: 13    Spells: 10/10 levels left

rFire   . . .      SeeInvis .   b - +4 scimitar (flame)
rCold   . . .      Faith    .   d - +0 buckler
rNeg    . . .      Spirit   .   A - +0 chain mail
rPois   +          Reflect  .   (helmet restricted)
rElec   .          Harm     .   m - +0 cloak {rPois}
rCorr   .          Rampage  .   (no gloves)
Will    .....                   B - +2 pair of boots
Stlth   ..........              (no amulet)
HPRegen 0.26/turn               g - +4 ring of slaying
MPRegen 0.12/turn               r - +4 ring of slaying

@: marked
A: horns 2, retaliatory headbutt
a: Renounce Religion, Heroism, Finesse, Duel


You were on level 10 of the Dungeon.
You worshipped Okawaru.
Okawaru was extremely pleased with you.
You visited 2 branches of the dungeon, and saw 11 of its levels.

You collected 1330 gold pieces.

Inventory:

Hand Weapons
 a - a +0 demon blade of venom
 b - a +4 scimitar of flaming (weapon)
 c - a +3 long sword of electrocution
Missiles
 E - 3 throwing nets (quivered)
Armour
 d - a +0 buckler (worn)
 l - a scarf of resistance
 m - a +0 cloak of poison resistance (worn)
 A - a +0 chain mail (worn)
 B - a +2 pair of boots (worn)
Jewellery
 g - a +4 ring of slaying (left hand)
 k - the ring of the Powerful Lychee {Fly rN+}
   (You took it off an orc on level 9 of the Dungeon)

   [ring of flight]

   rN:        It protects you from negative energy.
   Fly:       It grants you flight.
 r - a +4 ring of slaying (right hand)
 D - a ring of protection from fire
Wands
 v - a wand of iceblast (5)
 x - a wand of paralysis (16)
 y - a wand of flame (9)
 C - a wand of mindburst (7)
 F - a wand of quicksilver (4)
Scrolls
 j - 2 scrolls of teleportation
 o - 7 scrolls of poison
 H - a scroll of magic mapping {unknown}
Potions
 e - 3 potions of might
 f - a potion of magic
 h - 6 potions of mutation
 i - 4 potions of heal wounds
 n - a potion of attraction {unknown}
 p - a potion of brilliance
 q - a potion of invisibility
 s - 4 potions of curing {unknown}
 t - a potion of berserk rage {unknown}
 u - a potion of resistance {unknown}
 w - 3 potions of cancellation
 z - a potion of flight


   Skills:
 + Level 10.2 Fighting
 + Level 14.4 Long Blades
 + Level 10.8 Armour
 + Level 3.7 Dodging
 + Level 1.5 Stealth
 + Level 7.1 Shields
 + Level 1.1 Unarmed Combat
 + Level 1.2 Invocations


You had 10 spell levels left.
You didn't know any spells.
Your spell library contained the following spells:

 Spells                   Type           Power      Damage    Failure   Level
 Magic Dart               Conj           0%         1d3       98%         1
 Necrotise                Necr           0%         1d4       98%         1
 Sting                    Tmut/Pois      0%         1d3       98%         1
 Blink                    Tloc           0%         N/A       99%         2
 Poisonous Vapours        Pois/Air       0%         N/A       99%         2
 Searing Ray              Conj           0%         2d4       99%         2
 Static Discharge         Conj/Air       0%         3-3/arc   99%         2
 Mephitic Cloud           Conj/Pois/Air  0%         N/A       100%        3
 Vampiric Draining        Necr           0%         2d6       100%        3
 Anguish                  Hex/Necr       0%         N/A       100%        4
 Corpse Rot               Necr/Pois/Air  0%         N/A       100%        4
 Fulminant Prism          Conj/Hex       0%         3d6       100%        4
 Olgreb's Toxic Radiance  Pois           0%         N/A       100%        4
 Passage of Golubria      Tloc           0%         N/A       100%        4
 Agony                    Necr           0%         N/A       100%        5
 Lightning Bolt           Conj/Air       0%         1d11      100%        5
 Manifold Assault         Tloc           0%         N/A       100%        5
 Silence                  Hex/Air        0%         N/A       100%        5
 Enfeeble                 Hex            0%         N/A       100%        7
 Storm Form               Tmut/Air       0%         N/A       100%        7
 Lehudib's Crystal Spear  Conj/Erth      0%         10d2      100%        8
 Maxwell's Capacitive Co  Air            0%         ∞         100%        8
 Call Imp                 Summ           Unusable   N/A       N/A         2

Dungeon Overview and Level Annotations

Branches:
Dungeon (10/15)            Temple (1/1) D:5             Orc (0/2) D:9
   Lair: D:8-11

Altars:
Dithmenos
Makhleb
Nemelex Xobeh
Okawaru
Qazlal
Ru
Sif Muna
Uskayaw
Vehumet
Wu Jian
Xom
Yredelemnul
Zin
The Shining One

Annotations:
D:8 2 runed translucent doors, laros's ghost, novice MiBe
D:9 2 transporters


Innate Abilities, Weirdness & Mutations

You have a pair of horns on your head.
You reflexively headbutt those who attack you in melee.


Message History

The acid dragon bites you.
The acid dragon claws you but does no damage.
The tengu warrior hits you with a +4 flail of protection.
* * * LOW HITPOINT WARNING * * *
The tengu warrior pecks you.
* * * LOW HITPOINT WARNING * * *
The tengu warrior claws you.
* * * LOW HITPOINT WARNING * * *
The howler monkey hoots and howls with incredible vigour!
The troll bites you but does no damage.
The troll claws you but does no damage. x2
The gnoll sergeant hits you but does no damage.
A troll comes into view.
The acid dragon bites you but does no damage.
The acid dragon claws you but does no damage.
The tengu warrior hits you with a +4 flail of protection!
* * * LOW HITPOINT WARNING * * *
The tengu warrior pecks you but does no damage.
The tengu warrior claws you but does no damage.
The eight-headed hydra bites you but does no damage.
The eight-headed hydra completely misses you.
The eight-headed hydra bites you but does no damage. x3
The eight-headed hydra bites you.
The eight-headed hydra bites you but does no damage. x2
The troll bites you but does no damage.
The troll claws you but does no damage. x2
The gnoll sergeant hits you with a +0 spear.
* * * LOW HITPOINT WARNING * * *
The acid dragon bites you but does no damage.
The acid dragon claws you but does no damage.
The tengu warrior hits you with a +4 flail of protection.
The tengu warrior pecks you but does no damage.
The tengu warrior claws you but does no damage.
You turn to flesh and can move again.
Okay, then.
You feel much better. The eight-headed hydra bites you!
* * * LOW HITPOINT WARNING * * *
The eight-headed hydra bites you!
* * * LOW HITPOINT WARNING * * *
The eight-headed hydra completely misses you.
The eight-headed hydra bites you!
You die...

#... #.#.....#
#...######.#####.#
#..............#†#
#..............#†#
#..............))#
###..............##########
#......).......).#.........
#.............Q..#.........
#............hT@<#....Y....
#............YDDg#...Y.c...
#........)....OHT#....$....
#......###.###..T..YYV.#
##..... #.# ####...####
#..... #.# ##### #..... #..
#..... #.. #... #..#


You could see an eight-headed hydra, a tengu warrior, a two-headed ogre, a
manticore, a yak, 3 trolls, an acid dragon, a gnoll sergeant and a howler monkey
(catching breath).

Vanquished Creatures
  Harold (D:10)
  Erica (D:9)
  A two-headed ogre (D:10)
  Pikel (D:8)
  A deep elf pyromancer (D:9)
  A manticore (D:10)
  A cyclops (D:9)
  Psyche (D:8)
  Maggie (D:6)
  A troll (D:9)
  A hornet (D:9)
  Prince Ribbit (D:8)
  A wraith (D:9)
  A vampire (D:10)
  A wyvern (D:7)
  Eustachio (D:4)
  5 yaks
  A basilisk (D:10)
  3 steam dragons
  3 acid dragons
  2 water moccasins
  5 orc warriors
  A sky beast (D:8)
  A black bear (D:6)
  3 ogres
  7 centaurs
  A lemure (D:8)
  2 phantoms
  5 kobold brigands
  A scorpion (D:6)
  4 bullfrogs
  8 wights
  8 killer bees
  2 howler monkeys
  4 hounds
  6 orc priests
  A jelly (D:5)
  Terence (D:2)
  6 iguanas
  8 orc wizards
  3 gnolls (D:5)
  7 adders
  An ufetubus (D:7)
  2 worms
  A dart slug (D:1)
  28 orcs
  5 ball pythons
  10 endoplasms
  3 giant cockroaches (D:1)
  3 goblins
  5 hobgoblins
  4 jackals (D:5)
  2 quokkas
  5 bats
  5 frilled lizards
  23 kobolds
  5 rats
216 creatures vanquished.

Vanquished Creatures (others)
  A centaur (D:9)
  An orc wizard (D:6)
  An orc (D:7)
3 creatures vanquished.

Grand Total: 219 creatures vanquished

Notes
Turn   | Place    | Note
-------+----------+-------------------------------------------
     0 | D:1      | Peloso the Minotaur Fighter began the quest for the Orb.
     0 | D:1      | Reached XP level 1. HP: 19/19 MP: 0/0
   210 | D:1      | Reached XP level 2. HP: 24/27 MP: 1/1
  1107 | D:1      | Identified 2 scrolls of acquirement
  1107 | D:1      | Acquired 878 gold pieces
  1113 | D:1      | Acquired a +0 demon blade of venom
  1188 | D:2      | Reached XP level 3. HP: 33/33 MP: 2/2
  1266 | D:2      | Noticed Terence
  1277 | D:2      | Killed Terence
  1278 | D:2      | Reached skill level 3 in Long Blades
  1460 | D:2      | Reached skill level 1 in Dodging
  1572 | D:2      | Reached XP level 4. HP: 40/40 MP: 3/3
  1645 | D:2      | Found a burning altar of Makhleb.
  2914 | D:3      | Reached skill level 4 in Long Blades
  2914 | D:3      | Reached XP level 5. HP: 41/46 MP: 4/4
  3115 | D:5      | Entered Level 5 of the Dungeon
  3115 | D:5      | Noticed an ogre
  3119 | D:5      | Killed an ogre
  3120 | D:5      | Reached skill level 5 in Long Blades
  3120 | D:5      | Reached skill level 5 in Armour
  3120 | D:5      | Reached XP level 6. HP: 41/53 MP: 5/5
  3596 | D:4      | Reached skill level 6 in Long Blades
  3596 | D:4      | Reached XP level 7. HP: 51/60 MP: 6/6
  4205 | D:5      | Found a staircase to the Ecumenical Temple.
  4242 | Temple   | Entered the Ecumenical Temple
  4254 | Temple   | Became a worshipper of Warmaster Okawaru
  4462 | D:5      | Noticed Eustachio
  4746 | D:4      | Killed Eustachio
  4747 | D:4      | Reached skill level 5 in Fighting
  4747 | D:4      | Reached skill level 7 in Long Blades
  5052 | D:5      | Reached skill level 5 in Shields
  5391 | D:5      | Reached XP level 8. HP: 30/70 MP: 7/7
  5745 | D:6      | Reached skill level 8 in Long Blades
  5752 | D:6      | Reached * piety under Okawaru
  5976 | D:6      | Reached skill level 9 in Long Blades
  6513 | D:6      | Noticed Maggie
  6530 | D:6      | Killed Maggie
  6530 | D:6      | Reached ** piety under Okawaru
  6531 | D:6      | Reached XP level 9. HP: 38/78 MP: 4/8
  6549 | D:6      | Reached skill level 10 in Long Blades
  8245 | D:7      | Reached skill level 11 in Long Blades
  8608 | D:8      | Noticed Prince Ribbit
  8619 | D:8      | Killed Prince Ribbit
  8690 | D:8      | Reached *** piety under Okawaru
  8973 | D:8      | Found a large runed translucent door.
  8973 | D:8      | Found a large runed translucent door.
  8973 | D:8      | Noticed laros's ghost (novice MiBe)
  9085 | D:8      | Found an ornate altar of the Wu Jian Council.
  9122 | D:8      | Noticed Pikel
  9137 | D:8      | Killed Pikel
  9138 | D:8      | Reached skill level 12 in Long Blades
  9138 | D:8      | Reached XP level 10. HP: 88/88 MP: 9/9
  9391 | D:8      | Noticed Psyche
  9401 | D:8      | Killed Psyche
  9401 | D:8      | Reached **** piety under Okawaru
  9402 | D:8      | Reached skill level 1 in Stealth
  9816 | D:9      | Noticed a deep elf pyromancer
  9833 | D:9      | Killed a deep elf pyromancer
  9834 | D:9      | Reached skill level 10 in Armour
 10034 | D:9      | Identified the ring of the Powerful Lychee {Fly rN+}
 10036 | D:9      | Found a staircase to the Orcish Mines.
 10042 | D:9      | Found a transporter.
 10042 | D:9      | Noticed a boulder beetle
 10086 | D:9      | Noticed a moth of wrath
 10086 | D:9      | a yak changed into a moth of wrath
 10136 | D:9      | Reached skill level 13 in Long Blades
 10250 | D:9      | Noticed a cyclops
 10260 | D:9      | Killed a cyclops
 10261 | D:9      | Reached skill level 1 in Unarmed Combat
 10420 | D:9      | Noticed Erica
 10428 | D:9      | Killed Erica
 10429 | D:9      | Reached skill level 1 in Invocations
 10584 | D:9      | Found a sacrificial altar of Ru.
 10584 | D:9      | Found a basalt altar of Yredelemnul.
 10584 | D:9      | Found a glowing golden altar of the Shining One.
 10585 | D:9      | Noticed a jorogumo
 10586 | D:9      | Noticed a centaur warrior
 10609 | D:9      | Found a transporter.
 10618 | D:9      | Reached XP level 11. HP: 97/97 MP: 10/10
 10618 | D:9      | Reached ***** piety under Okawaru
 10624 | D:9      | Noticed a satyr
 10624 | D:9      | a jorogumo changed into a satyr
 10786 | D:9      | Noticed a sea snake
 10794 | D:9      | Noticed a steelbarb worm
 10794 | D:9      | a sea snake changed into a steelbarb worm
 10826 | D:9      | Noticed a wolf spider
 11041 | D:10     | Entered Level 10 of the Dungeon
 11096 | D:10     | Noticed a two-headed ogre
 11102 | D:10     | Killed a two-headed ogre
 11180 | D:10     | Reached skill level 14 in Long Blades
 11199 | D:10     | Received a gift from Okawaru
 11235 | D:10     | Noticed Harold
 11251 | D:10     | Killed Harold
 11252 | D:10     | Reached skill level 10 in Fighting
 11269 | D:10     | Noticed a tengu warrior
 11273 | D:10     | Noticed an eight-headed hydra
 11275 | D:10     | Noticed a two-headed ogre
 11277 | D:10     | HP: 2/100 [tengu warrior/+4 flail of protection (4)]
 11279 | D:10     | Mangled by an eight-headed hydra

Illustrated notes

Levels and vault maps discovered:
D:1:      shiori_arrival_elements, layout_loops_ring
D:2:      layout_basic, basic_altar, chequers_big_river, minmay_misc_feat_rows,
          hangedman_decor_clover_reticule, small_statue_intersection,
          uniq_terence
D:3:      layout_basic
D:4:      layout_basic
D:5:      nicolae_cairo_tiling_large_dashed, layout_basic,
          minmay_temple_entry_trees, uniq_eustachio
D:6:      layout_loops_ring, uniq_maggie
D:7:      layout_basic
D:8:      layout_basic, lemuel_crystal_altar, ebering_ghost_disaster_area,
          uniq_pikel, uniq_psyche, uniq_prince_ribbit1
D:9:      minmay_opposing_rooms, layout_long_grid,
          gammafunk_temple_overflow_arena, david_orc_2,
          amcnicky_mini_pool_medium, uniq_erica
D:10:     layout_basic, minmay_misc_feat_columns, dreamdust_deal_with_the_devil,
          minmay_pinched_square, uniq_harold
Temple:   nicolae_temple_bog_church

Skill      XL: |  1  2  3  4  5  6  7  8  9 10 11 |
---------------+----------------------------------+-----
Armour         | 4 5 6 8 9 10 | 10.8
Fighting       | 4 5 6 7 9 10 | 10.2
Long Blades    | 3 4 5 6 7 9 12 13 14 | 14.4
Shields        | 4 5 6 7 |  7.1
Dodging        | 1 2 3 |  3.7
Stealth        | 1 |  1.5
Unarmed Combat | 1 |  1.1
Invocations    | 1 |  1.2

Action                   |  1- 3 |  4- 6 |  7- 9 | 10-12 || total
-------------------------+-------+-------+-------+-------++-------
Melee: Long sword        |    54 |       |       |       ||    54
       Headbutt          |    13 |     9 |    55 |    34 ||   111
       Demon blade       |    35 |    69 |   265 |    82 ||   451
       Scimitar          |       |       |       |    65 ||    65
       Unarmed           |       |       |       |     4 ||     4
Invok: Heroism           |       |       |     2 |     7 ||     9
  Use: Potion            |     4 |     1 |     1 |     3 ||     9
       Scroll            |     3 |     6 |     3 |     1 ||    13
 Stab: Confused          |       |       |       |     1 ||     1
Armor: Scale mail        |    37 |       |       |       ||    37
       Chain mail        |     6 |    31 |   138 |   132 ||   307
Dodge: Dodged            |    42 |    18 |    87 |    61 ||   208
Block: Buckler           |    32 |    12 |    59 |    33 ||   136
